 Dungeon Crawl Stone Soup version 0.13.1-2-gfb2c2b7 (webtiles) character file.

515 RealHumanBean the Sneak (level 6, -2/28 HPs)
             Began as a Spriggan Enchanter on Dec 1, 2013.
             Was an Initiate of Fedhas.
             Slain by Edmund
             ... wielding a +0,+0 flail of draining
              (6 damage)
             ... on Level 8 of the Dungeon.
             The game lasted 00:09:14 (2066 turns).

RealHumanBean the Sneak (Spriggan Enchanter)        Turns: 2066, Time: 00:09:14

HP  -2/28        AC  3     Str  4      XL: 6   Next: 35%
MP   5/20        EV 17     Int 17      God: Fedhas [......]
Gold 161         SH  0     Dex 18      Spells:  2 memorised, 12 levels left

Res.Fire  : . . .   See Invis. : +   a - +2,+1 dagger (holy)
Res.Cold  : . . .   Warding    : .   b - +1 robe
Life Prot.: . . .   Conserve   : .   (shield restricted)
Res.Poison: .       Res.Corr.  : .   (helmet restricted)
Res.Elec. : .       Clarity    : .   (no cloak)
Sust.Abil.: . .     Spirit.Shd : .   (gloves unavailable)
Res.Mut.  : .       Stasis     : .   (boots unavailable)
Res.Rott. : .       Flight     : .   (no amulet)
Saprovore : . . .                    (no ring)
                                     (no ring)

@: very slightly contaminated, heavily drained, very quick, somewhat resistant
to hostile enchantments, quite stealthy
A: unfitting armour, see invisible, herbivore 3, speed 3, slow metabolism 2
a: Renounce Religion


You were on level 8 of the Dungeon.
You worshipped Fedhas.
Fedhas was noncommittal.
You were not hungry.

You visited 2 branches of the dungeon, and saw 9 of its levels.

You collected 141 gold pieces.

Inventory:

Hand weapons
 a - a +2,+1 dagger of holy wrath (weapon)
 j - a +1,+1 dagger {=f}
Missiles
 d - 5 darts (quivered)
Armour
 b - a +1 robe (worn)
Magical devices
 p - a wand of disintegration (8) {unknown}
Comestibles
 f - 2 lychees
 g - 7 sultanas
Scrolls
 l - a scroll of curse jewellery
 n - a scroll of remove curse
Jewellery
 k - a cursed ring of teleportation
 o - an uncursed amulet of warding {unknown}
Potions
 e - a potion of porridge
 h - a potion of paralysis
 i - a potion of heal wounds
 m - a potion of restore abilities {unknown}
Books
 c - a book of Maledictions

   Spells                             Type                      Level
   *Corona                            Hexes                        1
   Sure Blade                         Hexes/Charms                 2
   *Ensorcelled Hibernation           Hexes/Ice                    2
   Confuse                            Hexes                        3
   Enslavement                        Hexes                        4
   Invisibility                       Hexes                        6


   Skills:
 - Level 4.5(3.2) Short Blades
 - Level 1.1(0.0) Throwing
 - Level 3.0(1.8) Dodging
 + Level 5.4(4.1) Stealth
 - Level 5.0(3.7) Spellcasting
 - Level 3.6(2.4) Hexes


You had 12 spell levels left.
You knew the following spells:

 Your Spells              Type           Power        Failure   Level  Hunger
a - Corona                Hex            ##.....      10%         1    None
b - Ensorcelled Hibernat  Hex/Ice        #.....       17%         2    ##.....


Dungeon Overview and Level Annotations

Branches:
Dungeon (8/27)             Temple (1/1) D:6
    Orc: D:6-11        Lair: D:8-13

Altars:
Ashenzari
Cheibriados
Elyvilon
Fedhas
Nemelex Xobeh
Okawaru
Sif Muna
Trog
Vehumet
Xom
Yredelemnul
Zin
the Shining One

Annotations:
D:4 1 exclusion, Grinder
D:5 Grandi's ghost, average HuWz
D:6 Eustachio
D:8 Edmund


Innate Abilities, Weirdness & Mutations

You are tiny and cannot use many weapons and most armour.
You have supernaturally acute eyesight.
You are a herbivore.
You cover ground extremely quickly.
You need consume almost no food.


Message History

The air around you crackles with energy!
Unknown command.
Casting: Ensorcelled Hibernation
Confirm with . or Enter, or press ? or * to list all spells.
Aiming: Ensorcelled Hibernation
Press: ? - help, Shift-Dir - straight line, f/p - Edmund
Aim: Edmund, wielding a flail of draining and wearing an orcish scale mail (severely wounded) Edmund easily resists.
Unknown command.
Casting: Ensorcelled Hibernation
Confirm with . or Enter, or press ? or * to list all spells.
Aiming: Ensorcelled Hibernation
Press: ? - help, Shift-Dir - straight line, f/p - Edmund
Aim: Edmund, wielding a flail of draining and wearing an orcish scale mail (severely wounded) Edmund resists with some effort.
Edmund hits you with a flail of draining!
* * * LOW HITPOINT WARNING * * *
You feel drained.
You die...
Fedhas appreciates your contribution to the ecosystem.

,,,,,,* *,*
#.#*.....# ***, * *
***** *,*
#.#*#.##.# *,* *,*
##.# #.##.# #.##
*,* #..###.##.#
#... *,*
#.###...#.# ***
#.######.##......##
#.....(..(((......#
########.##.......#
#####
#@###...#..###....
#@# ##.##..@.@....
#.# #...#(####.###
#.###.#.#(# #.#
#.#...#...####.###
#...#####.........
#.....#...###..###
*########..##.#.###
#..#*
**..........##...#
#....,


You could see Edmund.

Vanquished Creatures
  A black bear (D:6)
  4 crimson imps
  2 worker ants
  A hound skeleton (D:4)
  2 adders (D:7)
  2 worms
  3 giant eyeballs
  A giant gecko (D:6)
  3 orcs
  A ball python (D:6)
  A giant cockroach (D:3)
  2 hobgoblins
  4 jackals (D:3)
  A kobold (D:4)
  2 quokkas (D:4)
  8 bats
  A giant newt (D:4)
  3 goblins
  A jackal skeleton (D:7)
  5 rats
  A rat skeleton (D:5)
49 creatures vanquished.

Vanquished Creatures (others)
  7 toadstools
7 creatures vanquished.

Grand Total: 56 creatures vanquished

Notes
Turn   | Place    | Note
--------------------------------------------------------------
     0 | D:1      | RealHumanBean, the Spriggan Enchanter, began the quest for the Orb.
     0 | D:1      | Reached XP level 1. HP: 9/9 MP: 4/4
   571 | D:3      | Reached XP level 2. HP: 13/13 MP: 6/6
   639 | D:3      | Reached skill level 4 in Stealth
   682 | D:4      | Reached XP level 3. HP: 4/16 MP: 9/9
  1088 | D:4      | Noticed Grinder
  1113 | D:4      | Learned a level 2 spell: Ensorcelled Hibernation
  1223 | D:5      | Entered Level 5 of the Dungeon
  1225 | D:5      | Reached skill level 5 in Stealth
  1225 | D:5      | Reached XP level 4. HP: 21/21 MP: 11/11
  1324 | D:5      | Noticed Grandi's ghost (average HuWz)
  1345 | D:6      | Found a staircase to the Ecumenical Temple.
  1363 | Temple   | Entered the Ecumenical Temple
  1397 | Temple   | Became a worshipper of Fedhas Madash
  1444 | D:6      | Noticed a black bear
  1463 | D:6      | Killed a black bear
  1463 | D:6      | Reached XP level 5. HP: 18/24 MP: 9/17
  1505 | D:6      | Reached skill level 5 in Spellcasting
  1649 | D:6      | Noticed Eustachio
  1713 | D:7      | Reached XP level 6. HP: 23/28 MP: 17/20
  1944 | D:8      | Found a deep blue altar of Sif Muna.
  1967 | D:8      | Noticed Edmund
  2066 | D:8      | Slain by Edmund

Action                   |  1- 3 |  4- 6 || total
-------------------------+-------+-------++-------
Melee: Dagger            |   118 |    63 ||   181
Throw: Dart              |     1 |     6 ||     7
 Cast: Ensorcelled Hiber |       |    30 ||    30
  Use: Scroll            |     6 |     6 ||    12
 Stab: Sleeping          |     4 |    17 ||    21
       Distracted        |       |     1 ||     1
